AoeStats
← _xRegulusx_

Arena

508535684Analyzed
4v4 RM · 10d ago on Sep 22, 2026· 36m 31s· 8 players
Game mode
Random Map
Map size
Large (8 player)
Population
200
Speed
Normal
Resources
Standard
Victory
Conquest
Starting age
Dark Age
Ending age
Imperial Age
RankedLock teamsTeams togetherTeam positionsShared explorationLock speedFull tech treeHidden civsTurbo modeCheats
Victory
Defeat
🇲🇩 Mongols · Moldova
1473
+10
🇲🇽 Saracens · Mexico
1465
+10
🇵🇹 Varangians · Portugal
1451
+11
🇦🇷 Persians · Argentina
1423
+12
🇩🇪 Teutons · Germany
1436
-15
🇵🇱 Khmer · Poland
1322
-10
🇪🇸 Bohemians · Spain
1294
-9
🇪🇸 Byzantines · Spain
1275
-9
_xRegulusx_
9:27 Feudal Age
9:30 Man-at-Arms
10:20 Double-Bit Axe
10:16 Horse Collar
12:57 Arson
16:03 Wheelbarrow
18:30 Castle Age
17:16 Gold Mining
19:39 Bow Saw
27:46 Imperial Age
26:58 Gold Shaft Mining
26:15 Fletching
26:59 Bodkin Arrow
26:44 Crossbowman
28:39 Heavy Plow
29:55 Chemistry
29:35 Conscription
30:22 Ballistics
30:17 Bracer
30:45 Padded Archer Armor
31:17 Arbalester
32:46 Leather Archer Armor
32:42 Masonry
35:46 Siege Engineers
35:29 Elite Mameluke
36:27 Hand Cart
37:07 Ring Archer Armor
tower rusher = kys
9:57 Feudal Age
11:34 Double-Bit Axe
11:32 Horse Collar
14:26 Castle Age
15:24 Bow Saw
15:19 Heavy Plow
19:44 Wheelbarrow
20:39 Hand Cart
21:47 Stone Mining
21:56 Gold Mining
28:03 Imperial Age
26:49 Fletching
26:59 Padded Archer Armor
27:24 Ballistics
27:10 Thumb Ring
27:17 Bloodlines
27:08 Husbandry
27:40 Loom
27:40 Town Watch
27:55 Bodkin Arrow
28:12 Elite Mangudai
28:58 Bracer
30:11 Chemistry
30:00 Conscription
30:27 Parthian Tactics
31:39 Leather Archer Armor
31:47 Town Patrol
32:36 Capped Ram
33:38 Drill
33:39 Siege Ram
35:47 Siege Engineers
Savitar_pt
11:02 Feudal Age
15:21 Castle Age
13:52 Double-Bit Axe
15:40 Horse Collar
16:27 Bow Saw
17:21 Scale Barding Armor
17:50 Heavy Plow
18:32 Loom
21:41 Husbandry
24:31 Scale Barding Armor
26:34 Chain Barding Armor
27:48 Wheelbarrow
33:46 Imperial Age
32:19 Gold Mining
33:34 Stone Mining
34:24 Bloodlines
34:29 Forging
36:30 Conscription
Politox
10:10 Feudal Age
10:50 Loom
14:01 Castle Age
12:02 Horse Collar
12:28 Double-Bit Axe
16:09 Bow Saw
19:36 Wheelbarrow
20:38 Heavy Plow
20:46 Gold Mining
22:06 Stone Mining
23:19 Hand Cart
28:06 Imperial Age
26:14 Scale Barding Armor
26:36 Forging
26:28 Caravan
27:01 Coinage
26:28 Town Watch
27:40 Chain Barding Armor
27:47 Bloodlines
28:04 Husbandry
27:55 Cavalier
29:20 Plate Barding Armor
29:01 Guilds
29:22 Banking
29:59 Iron Casting
30:27 Chemistry
29:48 Ballistics
29:39 Masonry
28:59 Capped Ram
30:35 Conscription
30:02 Siege Ram
32:19 Blast Furnace
32:12 Gold Shaft Mining
34:07 Savar
Togepi
10:50 Feudal Age
14:46 Castle Age
15:56 Double-Bit Axe
15:54 Horse Collar
17:30 Bow Saw
19:34 Heavy Plow
21:27 Wheelbarrow
25:41 Scale Mail Armor
26:04 Fortified Wall
27:00 Hand Cart
26:39 Stone Mining
26:41 Gold Mining
31:18 Imperial Age
28:23 Pikeman
29:14 Forging
30:29 Ballistics
30:27 Chain Mail Armor
30:47 Iron Casting
30:35 Squires
30:33 Fletching
31:44 Bodkin Arrow
32:26 Iron Casting
31:48 Bodkin Arrow
31:21 Halberdier
32:33 Plate Mail Armor
32:26 Crenellations
32:41 Heavy Scorpion
34:31 Chemistry
34:04 Bodkin Arrow
34:57 Guard Tower
35:20 Masonry
KRAIKTON
10:32 Feudal Age
11:14 Double-Bit Axe
15:15 Castle Age
13:37 Horse Collar
16:18 Bow Saw
16:10 Heavy Plow
20:36 Loom
24:42 Wheelbarrow
27:01 Hand Cart
28:12 Scale Mail Armor
28:22 Forging
29:59 Fletching
30:15 Scale Barding Armor
30:45 Iron Casting
30:09 Stone Mining
30:09 Gold Mining
33:13 Imperial Age
31:04 Bodkin Arrow
31:47 Iron Casting
33:31 Chain Barding Armor
34:55 Conscription
35:39 Two-Man Saw
35:11 Crop Rotation
35:17 Plate Barding Armor
Astromantis
10:43 Feudal Age
15:27 Castle Age
13:53 Double-Bit Axe
14:19 Horse Collar
20:14 Loom
22:33 Bow Saw
25:41 Pikeman
27:14 Squires
33:24 Imperial Age
31:16 Elite Skirmisher
32:31 Fletching
32:41 Padded Archer Armor
33:44 Forging
34:26 Conscription
35:05 Bodkin Arrow
35:25 Leather Archer Armor
Adar
10:57 Feudal Age
15:16 Castle Age
14:06 Double-Bit Axe
14:56 Horse Collar
25:20 Wheelbarrow
24:31 Loom
25:23 Heavy Plow
25:34 Town Watch
26:05 Bow Saw
27:51 Hand Cart
27:32 Gold Mining
27:33 Stone Mining
29:37 Gold Shaft Mining
32:17 Imperial Age
31:36 Ballistics
32:02 Bloodlines
31:53 Husbandry
32:10 Scale Barding Armor
32:15 Forging
32:07 Tusk Swords
32:37 Fortified Wall
33:11 Chain Barding Armor
33:57 Conscription
35:03 Iron Casting
34:35 Elite Battle Elephant
Connection lost

Rejoining the realm…

Still unreachable

The connection could not be restored.

Session expired

The server has moved on; the page needs a fresh start.